 Dungeon Crawl Stone Soup version 0.26.1-2-gb8aa6d0cf2 (webtiles) character file.

Game seed: 9112451383614570947

17834 hawla the Destroyer (level 12, -6/68 HPs)
             Began as a Deep Elf Conjurer on Feb 25, 2021.
             Was an Elder of Vehumet.
             Mangled by a white ugly thing (23 damage)
             ... on level 12 of the Dungeon.
             The game lasted 00:58:31 (17639 turns).

hawla the Destroyer (Deep Elf Conjurer)            Turns: 17639, Time: 00:58:32

Health: -6/68      AC: -1    Str:  6    XL:     12   Next: 22%
Magic:  25/27      EV: 22    Int: 29    God:    Vehumet [****..]
Gold:   200        SH:  6    Dex: 13    Spells: 11/29 levels left

rFire    + . .     SeeInvis .   h - staff of poison
rCold    . . .     Faith    .   t - +1 buckler
rNeg     + . .     Spirit   .   x - +0 robe {Will+}
rPois    +         Reflect  .   F - +0 helmet "Fygaod" {+Fly rElec Str+2}
rElec    +         Harm     .   v - scarf {repulsion}
rCorr    .         Rampage  .   w - +2 pair of gloves
Will     ++...                  d - +0 pair of boots
Stlth    ++........             G - amulet of Goqaifel {RegenMP rN+}
HPRegen  0.21/turn              o - +4 ring of evasion
MPRegen  0.45/turn              (no ring)

@: corroded, repel missiles
A: blink, fire resistance 1
a: Blink, Renounce Religion, Evoke Flight


You were on level 12 of the Dungeon.
You worshipped Vehumet.
Vehumet was greatly pleased with you.
You visited 2 branches of the dungeon, and saw 14 of its levels.

You collected 784 gold pieces.
You spent 584 gold pieces at shops.

Inventory:

Hand Weapons
 z - a +1 demon trident of venom
Missiles
 c - 63 poisoned darts (quivered)
 f - 3 throwing nets
 C - 4 javelins
 E - 12 boomerangs
Armour
 d - a +0 pair of boots (worn)
 s - a +0 cloak of preservation
 t - a +1 buckler (worn)
 v - a scarf of repulsion (worn)
 w - a +2 pair of gloves (worn)
 x - a +0 robe of willpower (worn)
 F - the +0 helmet "Fygaod" (worn) {+Fly rElec Str+2}
   (You found it on level 11 of the Dungeon)

   It affects your strength (+2).
   It insulates you from electricity.
   It lets you fly.
Magical Staves
 h - an uncursed staff of poison (weapon)
Jewellery
 o - a +4 ring of evasion (left hand)
 D - an uncursed ring of fire
 G - the amulet of Goqaifel (around neck) {RegenMP rN+}
   (You bought it in a shop on level 6 of the Dungeon)

   [amulet of magic regeneration]

   It increases your magic regeneration.
   It protects you from negative energy.
 J - an uncursed ring of willpower {unknown}
Wands
 n - a wand of flame (38)
 q - a wand of digging (1)
 u - a wand of disintegration (9)
 y - a wand of iceblast (16)
 B - a wand of acid (8)
 I - a wand of paralysis (10)
Scrolls
 a - a scroll of enchant weapon
 i - 3 scrolls of fog
 j - 7 scrolls of teleportation
 k - 4 scrolls of identify
 m - 6 scrolls of magic mapping
 p - 5 scrolls of remove curse
 A - a scroll of enchant armour
 L - a scroll of amnesia
Potions
 b - a potion of resistance
 e - 4 potions of curing
 g - a potion of heal wounds
 l - a potion of haste
 r - 3 potions of brilliance
 K - a potion of lignification {unknown}
Miscellaneous
 H - a box of beasts


   Skills:
 - Level 5.0 Fighting
 + Level 10.1 Staves
 - Level 2.0 Throwing
 + Level 9.7 Dodging
 - Level 4.0 Stealth
 - Level 4.0 Shields
 - Level 9.0 Spellcasting
 + Level 10.3 Conjurations
 - Level 6.0 Translocations
 - Level 2.0 Transmutations
 - Level 5.0 Earth Magic
 - Level 2.0 Evocations


You had 11 spell levels left.
You knew the following spells:

 Your Spells              Type           Power        Failure   Level
a - Magic Dart            Conj           100%         1%          1
b - Searing Ray           Conj           100%         1%          2
c - Iskenderun's Mystic   Conj/Tloc      57%          1%          4
d - Lee's Rapid Deconstr  Erth           21%          4%          5
e - Stone Arrow           Conj/Erth      100%         1%          3
f - Conjure Flame         Conj/Fire      43%          1%          3

Your spell library contained the following spells:

 Spells                   Type           Power        Failure   Level
 Mephitic Cloud           Conj/Pois/Air  49%          1%          3
 Sandblast                Erth           84%          1%          1
 Blink                    Tloc           N/A          1%          2
 Passwall                 Tmut/Erth      27%          1%          2
 Dazzling Flash           Conj/Hex       86%          1%          3
 Fulminant Prism          Conj/Hex       21%          1%          4
 Summon Small Mammal      Summ           52%          4%          1
 Call Imp                 Summ           13%          6%          2
 Slow                     Hex            13%          6%          2
 Petrify                  Tmut/Erth      33%          10%         4
 Call Canine Familiar     Summ           13%          12%         3
 Summon Guardian Golem    Hex/Summ       13%          12%         3
 Summon Ice Beast         Ice/Summ       13%          38%         4
 Summon Lightning Spire   Summ/Air       13%          38%         4


Dungeon Overview and Level Annotations

Branches:
Dungeon (13/15)            Temple (1/1) D:7            Lair (0/6) D:8
    Orc (0/2) D:12
 Vaults: D:13-14

Altars:
Ashenzari
Cheibriados
Dithmenos
Elyvilon
Fedhas
Gozag
Hepliaklqana
Kikubaaqudgha
Makhleb
Nemelex Xobeh
Okawaru
Qazlal
Ru
Sif Muna
Trog
Uskayaw
Vehumet
Wu Jian
Xom
Yredelemnul
Zin
The Shining One

Shops:
D:5 *   D:6 =:[:   D:10 *([(

Portals:
Trove: D:10 (show slimy rune of Zot)

Annotations:
D:3 can you dig it
D:4 3 runed translucent doors, RehabSubmarine's ghost, amateur DsFi


Innate Abilities, Weirdness & Mutations

You can translocate small distances at will.
Your flesh is heat resistant. (rF+)


Message History

The brown ugly thing is knocked back by the mystic blast.
The mystic blast hits the hornet.
The hornet is lightly wounded.
The hornet is knocked back by the mystic blast.
The mystic blast hits the queen bee but does no damage.
You hear a shout! x2
You block the queen bee's attack. The fire dragon breathes flames at you.
The blast of flame hits you!! You resist.
A troll comes into view.
The slime creature barely misses you. You block the queen bee's attack.
The white ugly thing engulfs you. The white ugly thing freezes you!
* * * LOW HITPOINT WARNING * * *
You climb upwards.
There is a stone staircase leading down here.
You feel much better. You block the slime creature's attack.
You block the queen bee's attack. The white ugly thing engulfs you.
* * * LOW HITPOINT WARNING * * *
The white ugly thing freezes you!!
You die...

#.[.....# #....# #.#.# #..######
#.#### #.#.## #...# #.# #.#...
##))########## #.# #.####
##)))........# #.# #.#
###(########.######.### #.# # #(#
#..........# #.# # #.#
########....# #.#### # #(#
#....J@u###.######.##.. # #.#
#.####.y# #()[.....##.# # #(#
##.#####.###...........#
###.######...........############
...(........##########
###........## ##########


You could see a white ugly thing, a slime creature and a queen bee shaped
shifter.

Vanquished Creatures
  Erolcha (D:9)
  Harold (D:7)
  A boulder beetle (D:12)
  A two-headed ogre (D:12)
  Urug (D:11)
  A skeletal warrior (D:8)
  2 unseen horrors
  Pikel (D:5)
  An ugly thing (D:12)
  2 centaur zombies (D:11)
  Maurice (D:8)
  A hellwing (D:10)
  A troll (D:11)
  Grinder (D:3)
  A slime creature (D:12)
  A meliai zombie (D:11)
  A wraith (D:10)
  A wyvern (D:12)
  8 yaks
  Grum (D:8)
  A soldier ant (D:11)
  A water moccasin (D:8)
  Duvessa (D:7)
  8 orc warriors
  4 sky beasts
  A black bear (D:9)
  2 ice beasts
  A necrophage (D:10)
  3 wolves (D:8)
  13 centaurs
  2 ogres
  8 bullfrogs
  A scorpion (D:4)
  A wyvern skeleton (D:12)
  Dowan (D:7)
  12 killer bees (D:10)
  10 wights
  2 howler monkeys
  2 electric eels (D:12)
  4 bullfrog zombies
  6 hounds
  A quasit (D:8)
  A jelly (D:9)
  4 orc priests
  7 centaur skeletons
  11 orc wizards
  4 bullfrog skeletons
  Natasha (thrice) (D:3)
  2 iguanas
  15 worker ants
  A hound zombie (D:9)
  4 hound skeletons
  A howler monkey zombie (D:9)
  6 gnolls
  17 adders
  6 shadow imps
  4 white imps
  2 ufetubi
  An ooze (D:1)
  2 worms (D:2)
  3 dart slugs
  8 leopard geckos
  45 orcs
  9 giant cockroaches
  6 goblins
  7 hobgoblins
  5 jackals
  11 quokkas
  A ball python (D:1)
  5 bats
  8 frilled lizards
  2 jackal skeletons (D:5)
  6 kobolds
  A leopard gecko skeleton (D:4)
  4 rats
  A spectral orc (D:9)
  A butterfly (D:10)
328 creatures vanquished.

Vanquished Creatures (others)
  15 plants
  5 withered plants (D:11)
20 creatures vanquished.

Grand Total: 348 creatures vanquished

Notes
Turn   | Place    | Note
-------+----------+-------------------------------------------
     0 | D:1      | hawla the Deep Elf Conjurer began the quest for the Orb.
     0 | D:1      | Reached XP level 1. HP: 10/10 MP: 6/6
   197 | D:1      | Reached XP level 2. HP: 15/15 MP: 4/8
   362 | D:1      | Learned a level 2 spell: Searing Ray
   792 | D:1      | Reached skill level 1 in Translocations
   970 | D:2      | Reached XP level 3. HP: 20/20 MP: 4/9
  1018 | D:2      | Found a shimmering altar of Xom.
  1035 | D:2      | Found a shimmering altar of Xom.
  1035 | D:2      | Found a shimmering altar of Xom.
  1035 | D:2      | Found a shimmering altar of Xom.
  1035 | D:2      | Found a shimmering altar of Xom.
  1035 | D:2      | Found a shimmering altar of Xom.
  1035 | D:2      | Found a shimmering altar of Xom.
  1276 | D:2      | Reached skill level 1 in Fighting
  1531 | D:2      | Reached XP level 4. HP: 25/25 MP: 9/11
  2024 | D:3      | Gained mutation: You can translocate small distances at
                  | will. [potion of mutation]
  2024 | D:3      | Gained mutation: Your flesh is heat resistant. (rF+)
                  | [potion of mutation]
  2088 | D:3      | Noticed Natasha
  2093 | D:3      | Killed Natasha
  2146 | D:3      | Noticed Natasha
  2151 | D:3      | Killed Natasha
  2152 | D:3      | Reached skill level 5 in Conjurations
  2325 | D:3      | Noticed Natasha
  2328 | D:3      | Killed Natasha
  2329 | D:3      | Reached XP level 5. HP: 29/29 MP: 9/13
  2454 | D:3      | Noticed Grinder
  2462 | D:3      | Killed Grinder
  2463 | D:3      | Reached skill level 5 in Spellcasting
  2463 | D:3      | Reached XP level 6. HP: 34/34 MP: 5/16
  2468 | D:3      | Learned a level 4 spell: Iskenderun's Mystic Blast
  2632 | D:3      | Found a faded altar of an unknown god.
  3057 | D:3      | Reached skill level 5 in Dodging
  3205 | D:4      | Found a runed translucent gate.
  3205 | D:4      | Found a runed translucent gate.
  3205 | D:4      | Noticed RehabSubmarine's ghost (amateur DsFi)
  3205 | D:4      | Identified the cursed +0 short sword of Grace {pain, MP-9
                  | Str+4 SInv}
  3240 | D:4      | Found a runed translucent gate.
  3429 | D:4      | Reached XP level 7. HP: 38/38 MP: 7/18
  4011 | D:4      | Found a hide-covered altar of Uskayaw.
  4231 | D:5      | Entered Level 5 of the Dungeon
  4356 | D:5      | Found Heloext's Elemental Accessories.
  4499 | D:5      | Found a burning altar of Makhleb.
  4659 | D:5      | Noticed Pikel
  4667 | D:5      | Killed Pikel
  4668 | D:5      | Reached skill level 1 in Throwing
  4668 | D:5      | Reached skill level 1 in Evocations
  4668 | D:5      | Reached XP level 8. HP: 24/44 MP: 8/19
  4956 | D:5      | Found an iron altar of Okawaru.
  5300 | D:6      | Found Ihoit's Jewellery Shoppe.
  5384 | D:6      | Found a stormy altar of Qazlal.
  5568 | D:6      | Found Tegrovva's Armour Emporium.
  5578 | D:6      | Bought a +0 buckler for 49 gold pieces
  5751 | D:6      | Found Sieco Ila's Book Shop.
  6005 | D:6      | Found Tazegh Hixku's Book Shoppe.
  6224 | D:7      | Found a broken altar of Ashenzari.
  6225 | D:7      | Noticed Dowan
  6226 | D:7      | Found an ancient bone altar of Kikubaaqudgha.
  6227 | D:7      | Noticed Duvessa
  6228 | D:7      | Found a shadowy altar of Dithmenos.
  6243 | D:7      | Killed Dowan
  6248 | D:7      | Killed Duvessa
  6249 | D:7      | Reached XP level 9. HP: 43/48 MP: 6/21
  6635 | D:7      | Found a staircase to the Ecumenical Temple.
  6647 | Temple   | Entered the Ecumenical Temple
  7270 | D:7      | Noticed Harold
  7403 | D:7      | Learned a level 2 spell: Passwall
  7413 | D:7      | Learned a level 3 spell: Stone Arrow
  7472 | D:7      | Killed Harold
  7473 | D:7      | Reached skill level 1 in Shields
  7473 | D:7      | Reached skill level 1 in Transmutations
  7473 | D:7      | Reached skill level 1 in Earth Magic
  7729 | D:7      | You fall into a shaft and drop 1 floor!
  7757 | D:7      | Found a white marble altar of Elyvilon.
  7819 | D:7      | Found a radiant altar of Vehumet.
  7994 | D:7      | Became a worshipper of Vehumet
  8113 | D:8      | Noticed Grum
  8120 | D:8      | Killed Grum
  8474 | D:8      | Noticed a freezing wraith
  8474 | D:8      | Noticed a phantasmal warrior
  8475 | D:8      | Noticed a death knight
  8920 | D:8      | Found a radiant altar of Vehumet.
  8929 | D:8      | Noticed Maurice
  8936 | D:8      | Killed Maurice
  8937 | D:8      | Reached XP level 10. HP: 56/56 MP: 10/24
  9002 | Temple   | Learned a level 5 spell: Lee's Rapid Deconstruction
  9045 | D:8      | Found a staircase to the Lair.
  9376 | D:8      | Noticed a skeletal warrior
  9873 | D:9      | Reached skill level 5 in Staves
 10503 | D:9      | Noticed Erolcha
 10512 | D:9      | Killed Erolcha
 10658 | D:9      | Reached * piety under Vehumet
 10658 | D:9      | Offered knowledge of Foxfire by Vehumet.
 10739 | D:9      | Found a basalt altar of Yredelemnul.
 11214 | D:10     | Entered Level 10 of the Dungeon
 12112 | D:10     | Found a runed translucent door.
 12114 | D:10     | Found a runed translucent door.
 12130 | D:10     | Found Ificelun's Antique Weapon Emporium.
 12138 | D:10     | Found Qenwaptell's General Store.
 12139 | D:10     | Found Tamol's Antique Armour Shop.
 12272 | D:10     | Reached ** piety under Vehumet
 12397 | D:10     | Offered knowledge of Freeze by Vehumet.
 12531 | D:10     | Reached skill level 5 in Earth Magic
 12734 | D:10     | Found Fudab's Weapon Shoppe.
 12803 | D:10     | Found a portal to a secret trove of treasure.
 13062 | D:10     | Reached XP level 11. HP: 61/61 MP: 10/26
 13708 | D:11     | Offered knowledge of Ignite Poison by Vehumet.
 13734 | D:11     | Killed an unseen horror
 13917 | D:11     | Noticed Urug
 13926 | D:11     | Killed Urug
 14415 | D:11     | Reached *** piety under Vehumet
 14483 | D:11     | Found a glowing golden altar of the Shining One.
 14639 | D:11     | Got a scorched helmet
 14644 | D:11     | Identified the cursed +0 helmet "Fygaod" {+Fly rElec Str+2}
                  | (You found it on level 11 of the Dungeon)
 14932 | D:6      | Bought the amulet of Goqaifel {RegenMP rN+} for 535 gold
                  | pieces
 15053 | D:8      | Killed a skeletal warrior
 15054 | D:8      | Reached skill level 5 in Translocations
 15589 | D:12     | Noticed a green ugly thing
 15598 | D:12     | Killed a green ugly thing
 15888 | D:12     | Offered knowledge of Mephitic Cloud by Vehumet.
 15911 | D:12     | Noticed a two-headed ogre
 15915 | D:12     | Noticed a boulder beetle
 15944 | D:12     | Killed a two-headed ogre
 16059 | D:12     | Learned a level 3 spell: Conjure Flame
 16231 | D:12     | Reached skill level 5 in Fighting
 16378 | D:12     | Killed an unseen horror
 16379 | D:12     | Reached XP level 12. HP: 37/68 MP: 25/27
 16387 | D:12     | Reached skill level 10 in Conjurations
 16585 | D:12     | Killed a boulder beetle
 16586 | D:12     | Reached skill level 10 in Staves
 16627 | D:12     | Reached **** piety under Vehumet
 17431 | D:12     | Found a staircase to the Orcish Mines.
 17524 | D:13     | Noticed a fire dragon
 17639 | D:12     | Mangled by a white ugly thing

Illustrated notes

Levels and vault maps discovered:
D:1:      tarquinn_simple_flora_water_e, layout_loops_ring
D:2:      layout_basic, xom_redecorated, serial_bayou_lake_a
D:3:      layout_loops_ring, chequers_ecumenical_altar_simple,
          minmay_surrounded, uniq_grinder, uniq_natasha
D:4:      layout_rooms, marbit_many_paths, gammafunk_ghost_nasty_kobolds
D:5:      layout_basic, lemuel_doored_altar, nicolae_elemental_shop,
          st_stairs_5, kennysheep_okawaru_gauntlet, uniq_pikel
D:6:      layout_loops_ring, overflow_temple_1_default, serial_shops, shop,
          shop, kennysheep_mini, nicolae_shop_trees,
          corexii_item_surrounded_by_moat, nrook_mini_backslash
D:7:      layout_gridville, lemuel_coloured_pillars_altar,
          overflow_temple_1_default, grunt_temple_overflow_open,
          minmay_temple_entry_proselytizer, uniq_harold, uniq_duvessa
D:8:      layout_cave_pods, lair_entry_dummy, basic_altar, uniq_maurice,
          uniq_grum
D:9:      layout_roguey, yredelemnul_forgotten_temple_becter, uniq_erolcha
D:10:     lemuel_insect_pit, layout_irregular_city,
          nicolae_trove_entry_free_sample, serial_shops, shop, shop,
          shop_fountains, nicolae_shop_trees
D:11:     cheibrodos_grave_circle, layout_irregular_city, basic_altar, uniq_urug
D:12:     layout_loops_ring, erik_orc_2
D:13:     minmay_ambush_box, layout_irregular_city, david_vaults_4
Temple:   minmay_temple_bridge_abc

Skill      XL: |  1  2  3  4  5  6  7  8  9 10 11 12 |
---------------+-------------------------------------+-----
Translocations | 1 2 4 5 6 |  6.0
Stealth        | 3 4 |  4.0
Dodging        | 3 4 5 7 8 9 |  9.7
Fighting       | 1 2 3 4 5 |  5.0
Spellcasting   | 4 5 6 7 8 9 |  9.0
Conjurations   | 5 6 7 8 9 10 | 10.3
Staves         | 2 3 4 7 9 10 | 10.1
Throwing       | 1 2 |  2.0
Evocations     | 1 2 |  2.0
Shields        | 2 4 |  4.0
Transmutations | 2 |  2.0
Earth Magic    | 3 5 |  5.0

Action                   |  1- 3 |  4- 6 |  7- 9 | 10-12 || total
-------------------------+-------+-------+-------+-------++-------
Melee: Quarterstaff      |       |     1 |    25 |       ||    26
       Staff             |       |       |     5 |    42 ||    47
Throw: Dart              |       |       |       |    12 ||    12
 Cast: Magic Dart        |    45 |    16 |    33 |    31 ||   125
       Searing Ray       |    16 |    36 |    61 |   106 ||   219
       Iskenderun's Myst |       |     2 |    26 |   102 ||   130
       Stone Arrow       |       |       |     6 |    28 ||    34
       Passwall          |       |       |     1 |       ||     1
       Lee's Rapid Decon |       |       |       |     9 ||     9
       Conjure Flame     |       |       |       |     4 ||     4
 Abil: Blink             |       |       |     1 |       ||     1
Evoke: Wand              |       |       |     1 |     5 ||     6
  Use: Scroll            |     2 |    10 |     8 |     9 ||    29
       Potion            |       |     1 |     1 |     6 ||     8
 Stab: Sleeping          |       |       |       |     1 ||     1
Armor: Robe              |       |     2 |     8 |    14 ||    24
Dodge: Dodged            |     1 |     8 |   106 |   148 ||   263
       Repelled          |       |       |       |     2 ||     2
Block: Buckler           |       |       |     3 |    49 ||    52
